 Dungeon Crawl Stone Soup version 0.27-a0-1180-g7fc4abc71e (webtiles) character file.

Game seed: 5727862982868189877

385 DasRunzen the Slasher (level 6, 0/51 HPs)
             Began as a Demigod Gladiator on May 17, 2021.
             Killed from afar by a white imp (5 damage)
             ... with a puff of frost
             ... summoned by Natasha
             ... on level 3 of the Dungeon.
             The game lasted 00:04:20 (3013 turns).

DasRunzen the Slasher (Demigod Gladiator)           Turns: 3013, Time: 00:04:20

Health: 0/51       AC:  5    Str: 15    XL:     6   Next: 23%
Magic:  10/10      EV: 13    Int: 18    God:
Gold:   99         SH:  0    Dex: 15    Spells: 6/7 levels left

rFire    . . .     SeeInvis .   a - +0 long sword
rCold    . . .     Faith    .   (no shield)
rNeg     + . .     Spirit   .   e - +2 robe {rN+}
rPois    .         Reflect  .   c - +0 helmet
rElec    .         Harm     .   (no cloak)
rCorr    .         Rampage  .   (no gloves)
Will     .....                  (no boots)
Stlth    +.........             (no amulet)
HPRegen  0.17/turn              (no ring)
MPRegen  0.12/turn              (no ring)

@: no status effects
A: high mp 1, forlorn
a: no special abilities


You were on level 3 of the Dungeon.
You visited 1 branch of the dungeon, and saw 3 of its levels.

You collected 99 gold pieces.

Inventory:

Hand Weapons
 a - a +0 long sword (weapon)
Missiles
 d - 3 throwing nets (quivered)
Armour
 c - a +0 helmet (worn)
 e - a +2 robe of positive energy (worn)
 g - a +0 buckler
Scrolls
 b - 2 scrolls of teleportation {unknown}


   Skills:
 + Level 3.0 Fighting
 + Level 3.6 Long Blades
 - Level 1.7 Throwing
 + Level 2.1 Armour
 + Level 3.6 Dodging
 + Level 1.9 Shields
 + Level 1.4 Spellcasting
 + Level 1.3 Hexes


You had 6 spell levels left.
You knew the following spells:

 Your Spells              Type           Power      Damage    Failure   Level
a - Corona                Hex            6%         N/A       11%         1

Your spell library contained the following spells:

 Spells                   Type           Power      Damage    Failure   Level
 Ensorcelled Hibernation  Hex/Ice        6%         N/A       22%         2
 Confusing Touch          Hex            6%         N/A       32%         3
 Tukima's Dance           Hex            6%         N/A       32%         3
 Dazzling Flash           Conj/Hex       6%         N/A       41%         3


Dungeon Overview and Level Annotations

Branches:
Dungeon (3/15)

Annotations:
D:2 Sigmund
D:3 Natasha


Innate Abilities, Weirdness & Mutations

Your attributes grow dramatically as you level up.
You have an increased reservoir of magic. (+10% MP)
You shall have no god before yourself.


Message History

Natasha casts a spell at you. The magic dart hits you.
You are too injured to fight recklessly!
You are too injured to fight recklessly!
You are too injured to fight recklessly!
You are too injured to fight recklessly!
You hit the shadow imp.
The shadow imp is heavily wounded.
The shadow imp grinds its teeth.
The shadow imp barely misses you.
Natasha casts a spell.
You slash the shadow imp!
You kill the shadow imp!
Natasha zaps a wand.
The puff of flame hits you!
* * * LOW HITPOINT WARNING * * *
You miss the crimson imp.
The crimson imp hits you but does no damage.
You hit the crimson imp but do no damage.
The crimson imp hits you.
* * * LOW HITPOINT WARNING * * *
Natasha casts a spell.
You barely miss the crimson imp. The crimson imp misses you.
You riposte.
You slash the crimson imp!
The crimson imp is heavily wounded.
You barely miss the crimson imp.
The crimson imp is heavily wounded.
The crimson imp barely misses you.
The crimson imp blinks!
Natasha howls an incantation.
You feel troubled.
Natasha zaps a wand.
The puff of flame hits you.
* * * LOW HITPOINT WARNING * * *
The white imp sputters.
Natasha mumbles some strange words.
The white imp gestures at you. The puff of frost misses you.
Natasha howls an incantation.
Natasha shimmers violently.
The white imp gestures at you. The puff of frost hits you.
You die...

............#####..............
............#.........>........
............#.#####............
........ยง...#.######...........
......S./.. #....# ##..........
.........# ####.# ##.........
.o.......# #.# ##########
...#####.#######.# #h55...@..#
###########


You could see Natasha, a white imp (summoned) and a shadow imp (summoned).

Vanquished Creatures
  Grinder (D:3)
  A centaur skeleton (D:3)
  Jessica (D:3)
  Natasha (twice) (D:3)
  An orc wizard (D:3)
  An adder (D:2)
  A worm (D:2)
  3 dart slugs
  3 orcs (D:3)
  2 endoplasms (D:3)
  2 giant cockroaches (D:3)
  5 goblins
  5 hobgoblins
  4 jackals (D:3)
  4 quokkas
  8 ball pythons
  2 bats
  3 frilled lizards
  2 kobolds (D:1)
  6 rats
57 creatures vanquished.

Notes
Turn   | Place    | Note
-------+----------+-------------------------------------------
     0 | D:1      | DasRunzen the Demigod Gladiator began the quest for the
                  | Orb.
     0 | D:1      | Reached XP level 1. HP: 17/17 MP: 3/3
   379 | D:1      | Reached XP level 2. HP: 20/24 MP: 4/4
  1177 | D:2      | Noticed Sigmund
  1542 | D:2      | Reached skill level 1 in Armour
  1774 | D:2      | Reached XP level 3. HP: 26/29 MP: 5/5
  1946 | D:3      | Noticed Natasha
  1950 | D:3      | Killed Natasha
  1951 | D:3      | Reached skill level 1 in Shields
  2010 | D:3      | Learned a level 1 spell: Corona
  2075 | D:3      | Noticed Natasha
  2081 | D:3      | Killed Natasha
  2082 | D:3      | Reached XP level 4. HP: 37/37 MP: 6/6
  2193 | D:3      | Noticed Jessica
  2221 | D:3      | Killed Jessica
  2421 | D:3      | Noticed Grinder
  2430 | D:3      | Paralysed by Grinder for 3 turns
  2443 | D:3      | HP: 1/37 [Grinder (8)]
  2446 | D:3      | Killed Grinder
  2447 | D:3      | Reached skill level 1 in Spellcasting
  2447 | D:3      | Reached skill level 1 in Hexes
  2447 | D:3      | Reached XP level 5. HP: 2/44 MP: 7/9
  2447 | D:3      | Reached XP level 6. HP: 3/50 MP: 7/10
  2968 | D:3      | Noticed Natasha
  3013 | D:3      | Killed from afar by a white imp

Illustrated notes

Levels and vault maps discovered:
D:1:      dpeg_arrival_boxorama, layout_loops_corners, serial_bayou_pond_c
D:2:      layout_rooms, serial_glass, glass_columns_a, glass_columns_b,
          uniq_sigmund
D:3:      layout_basic, grunt_ministairs_11, uniq_natasha, uniq_jessica,
          uniq_grinder

Skill      XL: |  1  2  3  4  5  6 |
---------------+-------------------+-----
Fighting       | 2 3 |  3.0
Dodging        | 3 |  3.6
Long Blades    | 3 |  3.6
Armour         | 1 2 |  2.1
Shields        | 1 |  1.9
Spellcasting   | 1 |  1.4
Hexes          | 1 |  1.3
Throwing       | |  1.7

Action                   |  1- 3 |  4- 6 || total
-------------------------+-------+-------++-------
Melee: Long sword        |    93 |    88 ||   181
  Use: Scroll            |     2 |       ||     2
       Potion            |     1 |     1 ||     2
 Stab: Sleeping          |       |     1 ||     1
Armor: Leather armour    |    18 |    11 ||    29
       Robe              |       |    18 ||    18
Dodge: Dodged            |    61 |    46 ||   107
       Rpst.: Long sword |    10 |    14 ||    24

Table legend: (Time is in decaauts)
 A = Elapsed time spent in this place.
 B = Non-inter-level travel time spent in this place.
 C = Inter-level travel time spent in this place.
 D = Time resting spent in this place.
 E = Time spent auto-exploring this place.
 F = Levels seen in this place.
 G = Mean time per level.
                   A        B        C        D        E       F      G
               +--------+--------+--------+--------+--------+-----+--------+
         Total |   3063 |   3042 |     21 |    780 |   1550 |   3 | 1021.0 |
       Dungeon |   3063 |   3042 |     21 |    780 |   1550 |   3 | 1021.0 |
               +--------+--------+--------+--------+--------+-----+--------+

Top non-repeatable levels by time:
     D:1: 1551 daAuts
     D:3: 1211 daAuts
     D:2: 300 daAuts
